WCHLSIM.com - West Coast Hockey League
html PUBLIC "-//W3C//DTD XHTML 1.0 Transitional//EN" "http://www.w3.org/TR/xhtml1/DTD/xhtml1-transitional.dtd"> WCHL - Game 922 - ANAHEIM OUTLAWS vs BOISE CARIBOUS

ANAHEIM OUTLAWS vs BOISE CARIBOUS

Created - 28 février 2024 at 20:34

Goals
1 2 3 T
ANAHEIM OUTLAWS 0 0 1 1
BOISE CARIBOUS 1 0 1 2
Shots
1 2 3 T
ANAHEIM OUTLAWS 10 4 7 21
BOISE CARIBOUS 15 12 15 42

1st period

1. BOISE CARIBOUS , Lawson Crouse 12 (Gabriel Vilardi 9, Charlie Coyle 19) at 2:38

Penalties :
No Penalty

2nd period

No Goal

Penalties :
Lawson Crouse (BOI) for Hooking (Minor) at 3:31, Dylan DeMelo (BOI) for Hooking (Minor) at 7:07

3rd period

2. ANAHEIM OUTLAWS , Michael Rasmussen 10 (Jeff Skinner 27, Rasmus Ristolainen 9) at 11:18
3. BOISE CARIBOUS , Tim Stutzle 29 (Rasmus Dahlin 33, Vincent Trocheck 37) at 17:33 (PP)

Penalties :
Oliver Ekman-Larsson (ANA) for Hooking (Minor) at 16:21

Goalie Stats

Jacob Markstrom (ANA), 40 saves from 42 shots - (0,952), L, 26-26-6, 59:00 minutes
Ilya Sorokin (BOI), 20 saves from 21 shots - (0,952), W, 32-15-3, 60:00 minutes

Players Stats for ANAHEIM OUTLAWS

Player Name              G  A  P  +/- PIM S  H  SB GA TA FO     MP     PP MP  PK MP  
------------------------------------------------------------------------------------
Adrian Kempe             0  0  0  -1  0   1  0  0  0  0  5/18   15:50   0:00   0:00 
Carter Verhaeghe         0  0  0  -1  0   4  0  0  0  0  0/3    15:50   0:00   0:00 
David Gustafsson         0  0  0   0  0   0  2  0  0  0  0/1     8:53   0:00   0:00 
Henri Jokiharju          0  0  0   0  0   0  3  0  0  0  0/0    20:08   1:58   0:30 
Jack Quinn               0  0  0   0  0   3  1  0  0  0  0/2    12:22   0:00   0:00 
Jeff Skinner             0  1  1   1  0   3  1  0  0  0  2/3    20:35   2:10   0:40 
Joey Anderson            0  0  0   1  0   0  1  0  0  0  0/0    19:33   1:48   0:00 
Kent Johnson             0  0  0   0  0   2  0  1  0  0  0/2    15:04   2:10   0:32 
Kevin Fiala              0  0  0   0  0   1  2  0  0  0  5/14   11:03   2:10   0:00 
Michael Bunting          0  0  0  -1  0   1  1  0  0  0  0/1    18:18   1:48   0:40 
Michael Rasmussen        1  0  1   1  0   3  1  0  0  0  10/30  20:05   1:48   0:32 
Morgan Rielly            0  0  0   0  0   0  1  3  0  0  0/0    23:47   2:00   0:42 
Noah Hanifin             0  0  0   0  0   3  1  1  0  0  0/0    23:45   1:58   0:30 
Oliver Ekman-Larsson     0  0  0   0  2   0  0  2  0  0  0/0    16:09   0:05   0:00 
Pierre Engvall           0  0  0   0  0   0  0  0  0  0  1/1     8:53   0:00   0:00 
Pius Suter               0  0  0   0  0   0  0  1  0  0  5/12   12:22   0:00   0:00 
Rasmus Ristolainen       0  1  1   0  0   0  1  1  0  0  0/0    16:47   0:00   0:42 
Victor Soderstrom        0  0  0   0  0   0  2  1  0  0  0/0    19:23   1:55   0:00 

Players Stats for BOISE CARIBOUS

Player Name              G  A  P  +/- PIM S  H  SB GA TA FO     MP     PP MP  PK MP  
------------------------------------------------------------------------------------
Artturi Lehkonen         0  0  0  -1  0   6  0  0  0  0  0/0    20:00   0:42   2:03 
Charlie Coyle            0  1  1   1  0   8  0  0  0  0  16/18  15:45   0:00   1:55 
Dylan DeMelo             0  0  0   0  2   0  2  1  0  0  0/0    14:52   0:00   0:00 
Gabriel Vilardi          0  1  1   1  0   1  1  0  0  0  0/1    13:09   0:00   0:00 
Jean-Gabriel Pageau      0  0  0  -1  0   3  1  1  0  0  19/29  19:48   0:30   2:03 
Jesperi Kotkaniemi       0  0  0   0  0   0  0  0  0  0  0/2     4:58   0:00   0:00 
Kaapo Kakko              0  0  0   0  0   1  0  0  0  0  1/3     4:58   0:00   0:00 
Lawson Crouse            1  0  1   1  2   2  0  0  0  0  0/1    13:38   0:30   0:00 
Marcus Pettersson        0  0  0   0  0   0  1  1  0  0  0/0    21:57   0:00   2:02 
Matt Duchene             0  0  0  -1  0   7  0  0  0  0  0/0    17:16   0:42   0:00 
Moritz Seider            0  0  0   0  0   1  1  2  0  0  0/0    22:21   0:30   1:56 
Nick Schmaltz            0  0  0   0  0   2  0  0  0  0  0/0    19:58   0:30   0:00 
Olli Maatta              0  0  0   0  0   0  1  2  0  0  0/0    14:53   0:00   0:00 
Phil Kessel              0  0  0   0  0   0  0  0  0  0  0/0     4:58   0:00   0:00 
Rasmus Andersson         0  0  0   0  0   1  0  0  0  0  0/0    22:28   0:30   1:56 
Rasmus Dahlin            0  1  1   0  0   1  3  0  0  0  0/0    22:46   0:42   2:02 
Tim Stutzle              1  0  1   0  0   5  1  1  0  0  1/2    20:10   0:42   0:00 
Vincent Trocheck         0  1  1   0  0   4  0  0  0  0  22/31  22:05   0:42   1:55 

3 Stars

1 - Jacob Markstrom (ANA)
2 - Michael Rasmussen (ANA)
3 - Tim Stutzle (BOI)

Power Play

ANAHEIM OUTLAWS - 0 on 2 Attempt(s) - 0,00%
BOISE CARIBOUS - 1 on 1 Attempt(s) - 100,00%

Penalty Kill

ANAHEIM OUTLAWS - 0 on 1 Attempt(s) - 0,00% - Score 0 goal in Penalty Kill
BOISE CARIBOUS - 2 on 2 Attempt(s) - 100,00% - Score 0 goal in Penalty Kill

Team Stat

ANAHEIM OUTLAWS - Hits : 17 - Faceoff Wins : 28 - Blocked Shots : 10 - Penalty Minutes : 2
BOISE CARIBOUS - Hits : 11 - Faceoff Wins : 59 - Blocked Shots : 8 - Penalty Minutes : 4

Official

Referees : Eric Furlatt and Wes McCauley
Linesman : Luke Galvin and Jonny Murray

Game Notes

No Game Note

Finance

Level 1 -- Attendance: 6000 (100,00%) -- Ticket Income 912 000 $
Level 2 -- Attendance: 3746 (74,92%) -- Ticket Income 460 758 $
Level 3 -- Attendance: 2000 (100,00%) -- Ticket Income 184 000 $
Level 4 -- Attendance: 3381 (84,53%) -- Ticket Income 229 908 $
Luxury Box -- Attendance: 997 (99,70%) -- Ticket Income 279 160 $
Total Attendance: 16124 (89,58%)
Total Ticket Income: 2 065 826 $
Other Expense: 20 658 $
Total Income: 2 045 168 $

ANAHEIM OUTLAWS

5 vs 5 Forward 
   Center                   Left Wing                Right Wing               Time % Phy DF OF 
 1 Michael Rasmussen        Jeff Skinner             Joey Anderson            36     1   2  2  
 2 Adrian Kempe             Michael Bunting          Carter Verhaeghe         31     1   2  2  
 3 Pius Suter               Kent Johnson             Jack Quinn               23     1   2  2  
 4 Kevin Fiala              Pierre Engvall           David Gustafsson         10     1   2  2  

5 vs 5 Defense 
   Defense                  Defense                                           Time % Phy DF OF 
 1 Victor Soderstrom        Morgan Rielly                                     36     1   2  2  
 2 Noah Hanifin             Henri Jokiharju                                   31     1   2  2  
 3 Rasmus Ristolainen       Oliver Ekman-Larsson                              23     1   2  2  
 4 Noah Hanifin             Morgan Rielly                                     10     1   2  2  

PowerPlay Forward 
   Center                   Left Wing                Right Wing               Time % Phy DF OF 
 1 Kevin Fiala              Jeff Skinner             Kent Johnson             55     1   2  2  
 2 Michael Rasmussen        Michael Bunting          Joey Anderson            45     1   2  2  

PowerPlay Defense
   Defense                  Defense                                           Time % Phy DF OF 
 1 Victor Soderstrom        Morgan Rielly                                     55     1   2  2  
 2 Noah Hanifin             Henri Jokiharju                                   45     1   2  2  

Penalty Kill 4 Players Forward 
   Center                   Wing                     Time % Phy DF OF 
 1 Kent Johnson             Michael Rasmussen        55     1   2  2  
 2 Jeff Skinner             Michael Bunting          45     1   2  2  

Penalty Kill 4 Players Defense
   Defense                  Defense                  Time % Phy DF OF 
 1 Rasmus Ristolainen       Morgan Rielly            55     1   2  2  
 2 Noah Hanifin             Henri Jokiharju          45     1   2  2  

Penalty Kill - 3 Players Forward 
   Forward                                           Time % Phy DF OF 
 1 Kent Johnson                                      55     1   2  2  
 2 Michael Bunting                                   45     1   2  2  

Penalty Kill - 3 Players Defense
   Defense                  Defense                  Time % Phy DF OF 
 1 Rasmus Ristolainen       Morgan Rielly            55     1   2  2  
 2 Noah Hanifin             Henri Jokiharju          45     1   2  2  

4 vs 4 Forward 
   Center                   Wing                     Time % Phy DF OF 
 1 Jeff Skinner             Kevin Fiala              55     1   2  2  
 2 Kent Johnson             Michael Bunting          45     1   2  2  

4 vs 4 Defense
   Defense                  Defense                  Time % Phy DF OF 
 1 Victor Soderstrom        Morgan Rielly            55     1   2  2  
 2 Noah Hanifin             Henri Jokiharju          45     1   2  2  

Last Minutes Offensive
   Center                   Left Wing                Right Wing               Defense                  Defense                  
   Michael Rasmussen        Joey Anderson            Jeff Skinner             Victor Soderstrom        Morgan Rielly            

Last Minutes Defensive
   Center                   Left Wing                Right Wing               Defense                  Defense                  
   Michael Rasmussen        Joey Anderson            Jeff Skinner             Victor Soderstrom        Morgan Rielly            

Goaltenders
Starting : Jacob Markstrom          
Backup : Mackenzie Blackwood      

Extra Forwards
Normal : Jeff Skinner, Michael Bunting, Kent Johnson - PP : Michael Bunting, Kent Johnson - PK : Kent Johnson
Extra Defensemen
Normal : Morgan Rielly, Noah Hanifin, Henri Jokiharju - PP : Noah Hanifin - PK : Noah Hanifin, Henri Jokiharju
Penalty Shots
Kent Johnson, Kevin Fiala, Michael Rasmussen, Michael Bunting, Jeff Skinner
Custom OT Lines Forwards
Kevin Fiala, Michael Rasmussen, Jeff Skinner, Michael Bunting, Adrian Kempe, Carter Verhaeghe, David Gustafsson, Pierre Engvall, Kent Johnson, Jack Quinn
Custom OT Lines Defensemen
Rasmus Ristolainen, Morgan Rielly, Noah Hanifin, Henri Jokiharju, Oliver Ekman-Larsson

Scratches
Jacob Trouba (Right Hand Injury), Ian Mitchell (Healthy)

BOISE CARIBOUS

5 vs 5 Forward 
   Center                   Left Wing                Right Wing               Time % Phy DF OF 
 1 Vincent Trocheck         Tim Stutzle              Nick Schmaltz            36     0   2  3  
 2 Jean-Gabriel Pageau      Artturi Lehkonen         Matt Duchene             30     1   2  2  
 3 Charlie Coyle            Lawson Crouse            Gabriel Vilardi          24     1   2  2  
 4 Jesperi Kotkaniemi       Phil Kessel              Kaapo Kakko              10     1   2  2  

5 vs 5 Defense 
   Defense                  Defense                                           Time % Phy DF OF 
 1 Rasmus Dahlin            Rasmus Andersson                                  36     1   2  2  
 2 Marcus Pettersson        Moritz Seider                                     36     1   2  2  
 3 Olli Maatta              Dylan DeMelo                                      28     1   3  1  
 4 Marcus Pettersson        Dylan DeMelo                                      0      0   5  0  

PowerPlay Forward 
   Center                   Left Wing                Right Wing               Time % Phy DF OF 
 1 Vincent Trocheck         Tim Stutzle              Matt Duchene             65     0   1  4  
 2 Jean-Gabriel Pageau      Lawson Crouse            Nick Schmaltz            35     0   1  4  

PowerPlay Defense
   Defense                  Defense                                           Time % Phy DF OF 
 1 Rasmus Dahlin            Artturi Lehkonen                                  55     0   1  4  
 2 Rasmus Andersson         Moritz Seider                                     45     0   2  3  

Penalty Kill 4 Players Forward 
   Center                   Wing                     Time % Phy DF OF 
 1 Vincent Trocheck         Charlie Coyle            50     0   4  1  
 2 Jean-Gabriel Pageau      Artturi Lehkonen         50     0   4  1  

Penalty Kill 4 Players Defense
   Defense                  Defense                  Time % Phy DF OF 
 1 Moritz Seider            Rasmus Andersson         55     1   4  0  
 2 Rasmus Dahlin            Marcus Pettersson        45     1   3  1  

Penalty Kill - 3 Players Forward 
   Forward                                           Time % Phy DF OF 
 1 Jesperi Kotkaniemi                                55     1   2  2  
 2 Kaapo Kakko                                       45     1   2  2  

Penalty Kill - 3 Players Defense
   Defense                  Defense                  Time % Phy DF OF 
 1 Olli Maatta              Marcus Pettersson        55     1   2  2  
 2 Rasmus Andersson         Moritz Seider            45     1   2  2  

4 vs 4 Forward 
   Center                   Wing                     Time % Phy DF OF 
 1 Jesperi Kotkaniemi       Tim Stutzle              55     1   2  2  
 2 Charlie Coyle            Gabriel Vilardi          45     1   2  2  

4 vs 4 Defense
   Defense                  Defense                  Time % Phy DF OF 
 1 Rasmus Dahlin            Rasmus Andersson         55     1   2  2  
 2 Dylan DeMelo             Olli Maatta              45     1   2  2  

Last Minutes Offensive
   Center                   Left Wing                Right Wing               Defense                  Defense                  
   Vincent Trocheck         Tim Stutzle              Matt Duchene             Rasmus Dahlin            Moritz Seider            

Last Minutes Defensive
   Center                   Left Wing                Right Wing               Defense                  Defense                  
   Jean-Gabriel Pageau      Artturi Lehkonen         Charlie Coyle            Rasmus Dahlin            Rasmus Andersson         

Goaltenders
Starting : Ilya Sorokin             
Backup : Brian Elliott            

Extra Forwards
Normal : Matt Duchene, Gabriel Vilardi, Tim Stutzle - PP : Vincent Trocheck, Tim Stutzle - PK : Lawson Crouse
Extra Defensemen
Normal : Dylan DeMelo, Marcus Pettersson, Moritz Seider - PP : Dylan DeMelo - PK : Marcus Pettersson, Olli Maatta
Penalty Shots
Tim Stutzle, Artturi Lehkonen, Vincent Trocheck, Nick Schmaltz, Matt Duchene
Custom OT Lines Forwards
Tim Stutzle, Artturi Lehkonen, Vincent Trocheck, Charlie Coyle, Kaapo Kakko, Nick Schmaltz, Matt Duchene, Lawson Crouse, Gabriel Vilardi, Jesperi Kotkaniemi
Custom OT Lines Defensemen
Rasmus Dahlin, Rasmus Andersson, Moritz Seider, Olli Maatta, Dylan DeMelo

Scratches
Pavel Mintyukov (Healthy), Kirill Marchenko (Healthy), Troy Stecher (Healthy)

% Time on Ice - ANAHEIM OUTLAWS

Lines # - Real PCT - Wanted PCT - Time Play
Normal Forward
1 - 32% - 36% - 17:04
2 - 29% - 31% - 15:50
3 - 23% - 23% - 12:22
4 - 16% - 10% - 8:53
Normal Defense
1 - 31% - 36% - 16:47
2 - 33% - 31% - 17:40
3 - 30% - 23% - 16:05
4 - 7% - 10% - 3:37
PP Forward
1 - 55% - 55% - 2:10
2 - 45% - 45% - 1:48
PP Defense
1 - 50% - 55% - 2:00
2 - 50% - 45% - 1:58
PK Forward
1 - 44% - 55% - 0:32
2 - 56% - 45% - 0:40
PK Defense
1 - 58% - 55% - 0:42
2 - 42% - 45% - 0:30
PK3 Forward
1 - 0% - 55%
2 - 0% - 45%
PK3 Defense
1 - 0% - 55%
2 - 0% - 45%
44 Forward
1 - 0% - 55%
2 - 0% - 45%
44 Defense
1 - 0% - 55%
2 - 0% - 45%
Last Minute Offensive  - 0:41
Last Minute Defensive  - 0:00
Total
Forward - 60:00
Defense - 60:00

% Time on Ice - BOISE CARIBOUS

Lines # - Real PCT - Wanted PCT - Time Play
Normal Forward
1 - 36% - 36% - 19:28
2 - 31% - 30% - 16:34
3 - 24% - 24% - 13:09
4 - 9% - 10% - 4:58
Normal Defense
1 - 36% - 36% - 19:21
2 - 37% - 36% - 19:55
3 - 27% - 28% - 14:53
4 - 0% - 0% - 0:00
PP Forward
1 - 58% - 65% - 0:42
2 - 42% - 35% - 0:30
PP Defense
1 - 58% - 55% - 0:42
2 - 42% - 45% - 0:30
PK Forward
1 - 48% - 50% - 1:55
2 - 52% - 50% - 2:03
PK Defense
1 - 49% - 55% - 1:56
2 - 51% - 45% - 2:02
PK3 Forward
1 - 0% - 55%
2 - 0% - 45%
PK3 Defense
1 - 0% - 55%
2 - 0% - 45%
44 Forward
1 - 0% - 55%
2 - 0% - 45%
44 Defense
1 - 0% - 55%
2 - 0% - 45%
Last Minute Offensive  - 0:00
Last Minute Defensive  - 0:41
Total
Forward - 60:00
Defense - 60:00

Play-by-Play

1st period


0:01 of 1st period - Michael Rasmussen wins face-off versus Vincent Trocheck in neutral zone.
0:31 of 1st period - Shot by Michael Rasmussen.
0:31 of 1st period - Shot Misses the Net.
0:57 of 1st period - Shot by Michael Bunting.
0:57 of 1st period - Shot Misses the Net.
0:59 of 1st period - Shot by Noah Hanifin.
0:59 of 1st period - Stopped by Ilya Sorokin without a rebound.
1:00 of 1st period - Jean-Gabriel Pageau wins face-off versus Pius Suter in BOISE CARIBOUS zone.
1:21 of 1st period - Shot by Jean-Gabriel Pageau.
1:21 of 1st period - Stopped by Jacob Markstrom without a rebound.
1:22 of 1st period - Charlie Coyle wins face-off versus Adrian Kempe in ANAHEIM OUTLAWS zone.
1:22 of 1st period - Charlie Coyle is hit by Henri Jokiharju.
1:32 of 1st period - Shot by Gabriel Vilardi.
1:32 of 1st period - Shot Misses the Net.
1:34 of 1st period - Shot by Gabriel Vilardi.
1:34 of 1st period - Stopped by Jacob Markstrom without a rebound.
1:35 of 1st period - Kevin Fiala wins face-off versus Kaapo Kakko in ANAHEIM OUTLAWS zone.
2:18 of 1st period - Shot by Moritz Seider.
2:18 of 1st period - Stopped by Jacob Markstrom without a rebound.
2:19 of 1st period - Charlie Coyle wins face-off versus Adrian Kempe in ANAHEIM OUTLAWS zone.
2:36 of 1st period - Shot by Gabriel Vilardi.
2:36 of 1st period - Shot Hit the Post.
2:38 of 1st period - Shot by Lawson Crouse.
2:38 of 1st period - Goal by Lawson Crouse - ANAHEIM OUTLAWS : 0 - BOISE CARIBOUS : 1.
2:39 of 1st period - Jean-Gabriel Pageau wins face-off versus Pius Suter in neutral zone.
3:48 of 1st period - Shot by Charlie Coyle.
3:48 of 1st period - Stopped by Jacob Markstrom without a rebound.
3:49 of 1st period - Vincent Trocheck wins face-off versus Michael Rasmussen in ANAHEIM OUTLAWS zone.
3:56 of 1st period - Shot by Nick Schmaltz.
3:56 of 1st period - Shot Misses the Net.
3:58 of 1st period - Shot by Nick Schmaltz.
3:58 of 1st period - Stopped by Jacob Markstrom without a rebound.
3:59 of 1st period - Vincent Trocheck wins face-off versus Adrian Kempe in ANAHEIM OUTLAWS zone.
4:12 of 1st period - Shot by Carter Verhaeghe.
4:12 of 1st period - Stopped by Ilya Sorokin without a rebound.
4:13 of 1st period - Michael Rasmussen wins face-off versus Gabriel Vilardi in BOISE CARIBOUS zone.
4:13 of 1st period - Jeff Skinner is hit by Marcus Pettersson and loses puck.
4:32 of 1st period - Shot by Lawson Crouse.
4:32 of 1st period - Shot Misses the Net.
4:34 of 1st period - Shot by Marcus Pettersson.
4:34 of 1st period - Shot Misses the Net.
4:36 of 1st period - Shot by Moritz Seider.
4:36 of 1st period - Shot Misses the Net.
4:38 of 1st period - Shot by Moritz Seider.
4:38 of 1st period - Shot Misses the Net.
4:40 of 1st period - Shot by Charlie Coyle.
4:40 of 1st period - Stopped by Jacob Markstrom with a rebound.
4:42 of 1st period - Shot by Charlie Coyle.
4:42 of 1st period - Shot Misses the Net.
5:24 of 1st period - Morgan Rielly is hit by Tim Stutzle and loses puck.
5:33 of 1st period - Shot by Tim Stutzle.
5:33 of 1st period - Stopped by Jacob Markstrom without a rebound.
5:34 of 1st period - Kevin Fiala wins face-off versus Jean-Gabriel Pageau in ANAHEIM OUTLAWS zone.
5:34 of 1st period - Kevin Fiala is hit by Jean-Gabriel Pageau.
6:19 of 1st period - Shot by Matt Duchene.
6:19 of 1st period - Stopped by Jacob Markstrom without a rebound.
6:20 of 1st period - Adrian Kempe wins face-off versus Vincent Trocheck in ANAHEIM OUTLAWS zone.
7:40 of 1st period - Shot by Gabriel Vilardi.
7:40 of 1st period - Shot Misses the Net.
7:53 of 1st period - Shot by Kent Johnson.
7:53 of 1st period - Stopped by Ilya Sorokin without a rebound.
7:54 of 1st period - Jean-Gabriel Pageau wins face-off versus Michael Rasmussen in BOISE CARIBOUS zone.
7:54 of 1st period - Jean-Gabriel Pageau is hit by Jeff Skinner.
8:09 of 1st period - Shot by Artturi Lehkonen.
8:09 of 1st period - Shot Misses the Net.
8:11 of 1st period - Shot by Rasmus Andersson.
8:11 of 1st period - Shot Hit the Post.
8:13 of 1st period - Shot by Matt Duchene.
8:13 of 1st period - Stopped by Jacob Markstrom without a rebound.
8:14 of 1st period - Kevin Fiala wins face-off versus Jesperi Kotkaniemi in ANAHEIM OUTLAWS zone.
8:30 of 1st period - Moritz Seider is hit by Kevin Fiala.
8:44 of 1st period - Shot by Noah Hanifin.
8:44 of 1st period - Stopped by Ilya Sorokin without a rebound.
8:45 of 1st period - Vincent Trocheck wins face-off versus Michael Rasmussen in BOISE CARIBOUS zone.
8:45 of 1st period - Vincent Trocheck is hit by Joey Anderson.
9:50 of 1st period - Shot by Carter Verhaeghe.
9:50 of 1st period - Stopped by Ilya Sorokin with a rebound.
10:08 of 1st period - Shot by Carter Verhaeghe.
10:08 of 1st period - Stopped by Ilya Sorokin without a rebound.
10:09 of 1st period - Pius Suter wins face-off versus Charlie Coyle in BOISE CARIBOUS zone.
10:34 of 1st period - Shot by Lawson Crouse.
10:34 of 1st period - Deflect By Charlie Coyle.
10:34 of 1st period - Stopped by Jacob Markstrom without a rebound.
10:35 of 1st period - Jean-Gabriel Pageau wins face-off versus Kevin Fiala in ANAHEIM OUTLAWS zone.
10:56 of 1st period - Shot by Kevin Fiala.
10:56 of 1st period - Shot Misses the Net.
11:02 of 1st period - Shot by Pierre Engvall.
11:02 of 1st period - Shot Misses the Net.
11:06 of 1st period - Shot by Pierre Engvall.
11:06 of 1st period - Shot Misses the Net.
11:08 of 1st period - Shot by Pierre Engvall.
11:08 of 1st period - Shot Blocked by Jean-Gabriel Pageau.
11:10 of 1st period - Shot by Oliver Ekman-Larsson.
11:10 of 1st period - Shot Blocked by Marcus Pettersson.
11:12 of 1st period - Shot by Kevin Fiala.
11:12 of 1st period - Stopped by Ilya Sorokin without a rebound.
11:13 of 1st period - Jeff Skinner wins face-off versus Vincent Trocheck in BOISE CARIBOUS zone.
11:52 of 1st period - Shot by Michael Rasmussen.
11:52 of 1st period - Shot Misses the Net.
12:45 of 1st period - Shot by Adrian Kempe.
12:45 of 1st period - Shot Blocked by Olli Maatta.
12:47 of 1st period - Shot by Noah Hanifin.
12:47 of 1st period - Stopped by Ilya Sorokin without a rebound.
12:48 of 1st period - Pius Suter wins face-off versus Jean-Gabriel Pageau in BOISE CARIBOUS zone.
12:51 of 1st period - Shot by Jack Quinn.
12:51 of 1st period - Stopped by Ilya Sorokin with a rebound.
12:59 of 1st period - Shot by Artturi Lehkonen.
12:59 of 1st period - Stopped by Jacob Markstrom with a rebound.
13:01 of 1st period - Shot by Matt Duchene.
13:01 of 1st period - Shot Blocked by Pius Suter.
13:31 of 1st period - Shot by Matt Duchene.
13:31 of 1st period - Stopped by Jacob Markstrom with a rebound.
14:14 of 1st period - Shot by Jeff Skinner.
14:14 of 1st period - Shot Blocked by Moritz Seider.
14:22 of 1st period - Shot by Jeff Skinner.
14:22 of 1st period - Shot Misses the Net.
14:24 of 1st period - Shot by Morgan Rielly.
14:24 of 1st period - Deflect By Michael Rasmussen.
14:24 of 1st period - Shot Misses the Net.
14:26 of 1st period - Shot by Joey Anderson.
14:26 of 1st period - Shot Blocked by Moritz Seider.
14:28 of 1st period - Shot by Morgan Rielly.
14:28 of 1st period - Deflect By Jeff Skinner.
14:28 of 1st period - Shot Misses the Net.
14:30 of 1st period - Shot by Michael Rasmussen.
14:30 of 1st period - Stopped by Ilya Sorokin without a rebound.
14:31 of 1st period - Adrian Kempe wins face-off versus Kaapo Kakko in BOISE CARIBOUS zone.
14:55 of 1st period - Kaapo Kakko is hit by Henri Jokiharju and loses puck.
15:15 of 1st period - Icing by Henri Jokiharju.
15:16 of 1st period - Jean-Gabriel Pageau wins face-off versus Adrian Kempe in ANAHEIM OUTLAWS zone.
16:12 of 1st period - Shot by Vincent Trocheck.
16:12 of 1st period - Shot Misses the Net.
16:48 of 1st period - Shot by Vincent Trocheck.
16:48 of 1st period - Shot Blocked by Victor Soderstrom.
16:50 of 1st period - Shot by Dylan DeMelo.
16:50 of 1st period - Shot Blocked by Morgan Rielly.
17:25 of 1st period - Icing by Kent Johnson.
17:26 of 1st period - Pius Suter wins face-off versus Jesperi Kotkaniemi in ANAHEIM OUTLAWS zone.
17:49 of 1st period - Shot by Kaapo Kakko.
17:49 of 1st period - Stopped by Jacob Markstrom without a rebound.
17:50 of 1st period - Charlie Coyle wins face-off versus Carter Verhaeghe in ANAHEIM OUTLAWS zone.
18:23 of 1st period - Shot by Charlie Coyle.
18:23 of 1st period - Stopped by Jacob Markstrom without a rebound.
18:24 of 1st period - Vincent Trocheck wins face-off versus Kevin Fiala in ANAHEIM OUTLAWS zone.
19:09 of 1st period - Shot by Tim Stutzle.
19:09 of 1st period - Shot Misses the Net.
19:35 of 1st period - Shot by Artturi Lehkonen.
19:35 of 1st period - Shot Blocked by Oliver Ekman-Larsson.
Goals for this period are 0 for ANAHEIM OUTLAWS vs 1 for BOISE CARIBOUS.
Shots for this period are 10 for ANAHEIM OUTLAWS vs 15 for BOISE CARIBOUS.

2nd period


0:01 of 2nd period - Charlie Coyle wins face-off versus Michael Rasmussen in neutral zone.
0:15 of 2nd period - Shot by Charlie Coyle.
0:15 of 2nd period - Stopped by Jacob Markstrom with a rebound.
0:21 of 2nd period - Shot by Lawson Crouse.
0:21 of 2nd period - Shot Misses the Net.
0:59 of 2nd period - Icing by Rasmus Andersson.
1:00 of 2nd period - Vincent Trocheck wins face-off versus Adrian Kempe in BOISE CARIBOUS zone.
1:04 of 2nd period - Off-side.
1:05 of 2nd period - Adrian Kempe wins face-off versus Jean-Gabriel Pageau in neutral zone.
1:35 of 2nd period - Shot by Matt Duchene.
1:35 of 2nd period - Shot Blocked by Noah Hanifin.
1:43 of 2nd period - Shot by Jean-Gabriel Pageau.
1:43 of 2nd period - Stopped by Jacob Markstrom without a rebound.
1:44 of 2nd period - Vincent Trocheck wins face-off versus Pius Suter in ANAHEIM OUTLAWS zone.
1:55 of 2nd period - Shot by Vincent Trocheck.
1:55 of 2nd period - Shot Blocked by Oliver Ekman-Larsson.
1:57 of 2nd period - Shot by Vincent Trocheck.
1:57 of 2nd period - Stopped by Jacob Markstrom without a rebound.
1:58 of 2nd period - Charlie Coyle wins face-off versus Michael Rasmussen in ANAHEIM OUTLAWS zone.
2:03 of 2nd period - Shot by Lawson Crouse.
2:03 of 2nd period - Deflect By Gabriel Vilardi.
2:03 of 2nd period - Shot Blocked by Morgan Rielly.
2:05 of 2nd period - Shot by Lawson Crouse.
2:05 of 2nd period - Shot Misses the Net.
2:07 of 2nd period - Shot by Charlie Coyle.
2:07 of 2nd period - Stopped by Jacob Markstrom without a rebound.
2:08 of 2nd period - Vincent Trocheck wins face-off versus Adrian Kempe in ANAHEIM OUTLAWS zone.
2:19 of 2nd period - Shot by Vincent Trocheck.
2:19 of 2nd period - Shot Misses the Net.
2:24 of 2nd period - Icing by Noah Hanifin.
2:25 of 2nd period - Jean-Gabriel Pageau wins face-off versus Adrian Kempe in ANAHEIM OUTLAWS zone.
2:49 of 2nd period - Shot by Artturi Lehkonen.
2:49 of 2nd period - Stopped by Jacob Markstrom without a rebound.
2:50 of 2nd period - Michael Rasmussen wins face-off versus Vincent Trocheck in ANAHEIM OUTLAWS zone.
3:18 of 2nd period - Icing by Rasmus Ristolainen.
3:19 of 2nd period - Charlie Coyle wins face-off versus Michael Rasmussen in ANAHEIM OUTLAWS zone.
3:31 of 2nd period - Minor Penalty to Lawson Crouse for Hooking.
3:32 of 2nd period - Jean-Gabriel Pageau wins face-off versus Kevin Fiala in BOISE CARIBOUS zone.
3:43 of 2nd period - Shot by Jeff Skinner.
3:43 of 2nd period - Stopped by Ilya Sorokin without a rebound.
3:44 of 2nd period - Jean-Gabriel Pageau wins face-off versus Kevin Fiala in BOISE CARIBOUS zone.
4:06 of 2nd period - Icing by Henri Jokiharju.
4:07 of 2nd period - Vincent Trocheck wins face-off versus Kevin Fiala in ANAHEIM OUTLAWS zone.
4:29 of 2nd period - Noah Hanifin is hit by Moritz Seider and loses puck.
5:02 of 2nd period - Shot by Michael Bunting.
5:02 of 2nd period - Shot Misses the Net.
5:47 of 2nd period - Kevin Fiala is hit by Dylan DeMelo and loses puck.
6:28 of 2nd period - Kent Johnson is hit by Olli Maatta and loses puck.
6:37 of 2nd period - Shot by Pius Suter.
6:37 of 2nd period - Shot Misses the Net.
7:07 of 2nd period - Minor Penalty to Dylan DeMelo for Hooking.
7:08 of 2nd period - Vincent Trocheck wins face-off versus Michael Rasmussen in BOISE CARIBOUS zone.
7:33 of 2nd period - Shot by Morgan Rielly.
7:33 of 2nd period - Shot Misses the Net.
9:01 of 2nd period - Off-side.
9:02 of 2nd period - Vincent Trocheck wins face-off versus Michael Bunting in neutral zone.
9:26 of 2nd period - Icing by Oliver Ekman-Larsson.
9:27 of 2nd period - Adrian Kempe wins face-off versus Jean-Gabriel Pageau in ANAHEIM OUTLAWS zone.
10:10 of 2nd period - Shot by Jean-Gabriel Pageau.
10:10 of 2nd period - Shot Misses the Net.
10:15 of 2nd period - Icing by Rasmus Ristolainen.
10:16 of 2nd period - Vincent Trocheck wins face-off versus Adrian Kempe in ANAHEIM OUTLAWS zone.
10:38 of 2nd period - Icing by Rasmus Dahlin.
10:39 of 2nd period - Michael Rasmussen wins face-off versus Vincent Trocheck in BOISE CARIBOUS zone.
10:39 of 2nd period - Michael Rasmussen is hit by Rasmus Dahlin.
10:47 of 2nd period - Vincent Trocheck is hit by Michael Rasmussen and loses puck.
11:23 of 2nd period - Icing by Rasmus Andersson.
11:24 of 2nd period - Pius Suter wins face-off versus Vincent Trocheck in BOISE CARIBOUS zone.
11:44 of 2nd period - Icing by Tim Stutzle.
11:45 of 2nd period - Kevin Fiala wins face-off versus Vincent Trocheck in BOISE CARIBOUS zone.
11:45 of 2nd period - Noah Hanifin is hit by Rasmus Dahlin and loses puck.
11:49 of 2nd period - Icing by Rasmus Andersson.
11:50 of 2nd period - Vincent Trocheck wins face-off versus Kevin Fiala in BOISE CARIBOUS zone.
12:06 of 2nd period - Lawson Crouse is hit by Morgan Rielly and loses puck.
12:09 of 2nd period - Shot by Charlie Coyle.
12:09 of 2nd period - Stopped by Jacob Markstrom without a rebound.
12:10 of 2nd period - Michael Rasmussen wins face-off versus Jean-Gabriel Pageau in ANAHEIM OUTLAWS zone.
12:35 of 2nd period - Off-side.
12:36 of 2nd period - Charlie Coyle wins face-off versus Jack Quinn in neutral zone.
12:40 of 2nd period - Icing by Henri Jokiharju.
12:41 of 2nd period - Charlie Coyle wins face-off versus Pius Suter in ANAHEIM OUTLAWS zone.
12:45 of 2nd period - Lawson Crouse is hit by Noah Hanifin and loses puck.
12:49 of 2nd period - Icing by Noah Hanifin.
12:50 of 2nd period - Charlie Coyle wins face-off versus Jack Quinn in ANAHEIM OUTLAWS zone.
12:59 of 2nd period - Marcus Pettersson is hit by Jack Quinn and loses puck.
13:24 of 2nd period - Shot by Jack Quinn.
13:24 of 2nd period - Deflect By Kent Johnson.
13:24 of 2nd period - Stopped by Ilya Sorokin with a rebound.
13:56 of 2nd period - Shot by Artturi Lehkonen.
13:56 of 2nd period - Stopped by Jacob Markstrom with a rebound.
13:58 of 2nd period - Shot by Rasmus Andersson.
13:58 of 2nd period - Shot Misses the Net.
14:14 of 2nd period - Shot by Matt Duchene.
14:14 of 2nd period - Stopped by Jacob Markstrom with a rebound.
14:16 of 2nd period - Shot by Matt Duchene.
14:16 of 2nd period - Stopped by Jacob Markstrom without a rebound.
14:17 of 2nd period - Vincent Trocheck wins face-off versus Michael Rasmussen in ANAHEIM OUTLAWS zone.
14:22 of 2nd period - Shot by Nick Schmaltz.
14:22 of 2nd period - Stopped by Jacob Markstrom without a rebound.
14:23 of 2nd period - Michael Rasmussen wins face-off versus Tim Stutzle in ANAHEIM OUTLAWS zone.
14:29 of 2nd period - Morgan Rielly is hit by Dylan DeMelo and loses puck.
14:34 of 2nd period - Shot by Michael Rasmussen.
14:34 of 2nd period - Shot Blocked by Tim Stutzle.
14:36 of 2nd period - Shot by Michael Rasmussen.
14:36 of 2nd period - Shot Misses the Net.
14:38 of 2nd period - Shot by Joey Anderson.
14:38 of 2nd period - Shot Blocked by Dylan DeMelo.
14:40 of 2nd period - Shot by Michael Rasmussen.
14:40 of 2nd period - Stopped by Ilya Sorokin without a rebound.
14:41 of 2nd period - Jean-Gabriel Pageau wins face-off versus Carter Verhaeghe in BOISE CARIBOUS zone.
14:43 of 2nd period - Matt Duchene is hit by Michael Bunting and loses puck.
15:07 of 2nd period - Shot by Matt Duchene.
15:07 of 2nd period - Shot Blocked by Rasmus Ristolainen.
15:48 of 2nd period - Shot by Jeff Skinner.
15:48 of 2nd period - Stopped by Ilya Sorokin without a rebound.
15:49 of 2nd period - Vincent Trocheck wins face-off versus Kevin Fiala in BOISE CARIBOUS zone.
16:32 of 2nd period - Shot by Vincent Trocheck.
16:32 of 2nd period - Stopped by Jacob Markstrom without a rebound.
16:33 of 2nd period - Michael Rasmussen wins face-off versus Charlie Coyle in ANAHEIM OUTLAWS zone.
16:35 of 2nd period - Icing by Jeff Skinner.
16:36 of 2nd period - Charlie Coyle wins face-off versus Michael Rasmussen in ANAHEIM OUTLAWS zone.
16:54 of 2nd period - Icing by Morgan Rielly.
16:55 of 2nd period - Vincent Trocheck wins face-off versus Michael Rasmussen in ANAHEIM OUTLAWS zone.
17:20 of 2nd period - Nick Schmaltz is hit by Victor Soderstrom and loses puck.
18:02 of 2nd period - Morgan Rielly is hit by Rasmus Dahlin and loses puck.
18:26 of 2nd period - Shot by Charlie Coyle.
18:26 of 2nd period - Shot Misses the Net.
19:14 of 2nd period - Shot by Jean-Gabriel Pageau.
19:14 of 2nd period - Shot Misses the Net.
19:18 of 2nd period - Shot by Artturi Lehkonen.
19:18 of 2nd period - Stopped by Jacob Markstrom without a rebound.
19:19 of 2nd period - Kevin Fiala wins face-off versus Vincent Trocheck in ANAHEIM OUTLAWS zone.
Goals for this period are 0 for ANAHEIM OUTLAWS vs 0 for BOISE CARIBOUS.
Shots for this period are 4 for ANAHEIM OUTLAWS vs 12 for BOISE CARIBOUS.

3rd period


0:01 of 3rd period - Jean-Gabriel Pageau wins face-off versus Michael Rasmussen in neutral zone.
0:40 of 3rd period - Shot by Artturi Lehkonen.
0:40 of 3rd period - Shot Misses the Net.
1:16 of 3rd period - Shot by Carter Verhaeghe.
1:16 of 3rd period - Shot Misses the Net.
1:32 of 3rd period - Icing by Carter Verhaeghe.
1:33 of 3rd period - Charlie Coyle wins face-off versus Carter Verhaeghe in ANAHEIM OUTLAWS zone.
1:48 of 3rd period - Icing by Henri Jokiharju.
1:49 of 3rd period - Kaapo Kakko wins face-off versus Adrian Kempe in ANAHEIM OUTLAWS zone.
2:48 of 3rd period - Shot by Jack Quinn.
2:48 of 3rd period - Stopped by Ilya Sorokin without a rebound.
2:49 of 3rd period - Michael Rasmussen wins face-off versus Vincent Trocheck in BOISE CARIBOUS zone.
3:16 of 3rd period - Shot by Tim Stutzle.
3:16 of 3rd period - Stopped by Jacob Markstrom without a rebound.
3:17 of 3rd period - Pierre Engvall wins face-off versus Jean-Gabriel Pageau in ANAHEIM OUTLAWS zone.
3:46 of 3rd period - Shot by Jean-Gabriel Pageau.
3:46 of 3rd period - Shot Blocked by Morgan Rielly.
3:52 of 3rd period - Shot by Artturi Lehkonen.
3:52 of 3rd period - Stopped by Jacob Markstrom without a rebound.
3:53 of 3rd period - Vincent Trocheck wins face-off versus Michael Rasmussen in ANAHEIM OUTLAWS zone.
5:19 of 3rd period - Shot by Adrian Kempe.
5:19 of 3rd period - Stopped by Ilya Sorokin with a rebound.
5:46 of 3rd period - Icing by Noah Hanifin.
5:47 of 3rd period - Jean-Gabriel Pageau wins face-off versus Pius Suter in ANAHEIM OUTLAWS zone.
6:11 of 3rd period - Off-side.
6:12 of 3rd period - Charlie Coyle wins face-off versus David Gustafsson in neutral zone.
6:21 of 3rd period - Lawson Crouse is hit by David Gustafsson and loses puck.
6:35 of 3rd period - Shot by Lawson Crouse.
6:35 of 3rd period - Stopped by Jacob Markstrom without a rebound.
6:36 of 3rd period - Jean-Gabriel Pageau wins face-off versus Michael Rasmussen in ANAHEIM OUTLAWS zone.
6:47 of 3rd period - Icing by Joey Anderson.
6:48 of 3rd period - Charlie Coyle wins face-off versus Michael Rasmussen in ANAHEIM OUTLAWS zone.
7:29 of 3rd period - Shot by Rasmus Andersson.
7:29 of 3rd period - Stopped by Jacob Markstrom without a rebound.
7:30 of 3rd period - Jean-Gabriel Pageau wins face-off versus Adrian Kempe in ANAHEIM OUTLAWS zone.
7:59 of 3rd period - Shot by Matt Duchene.
7:59 of 3rd period - Stopped by Jacob Markstrom with a rebound.
8:30 of 3rd period - Shot by Vincent Trocheck.
8:30 of 3rd period - Stopped by Jacob Markstrom without a rebound.
8:31 of 3rd period - Charlie Coyle wins face-off versus Pius Suter in ANAHEIM OUTLAWS zone.
8:42 of 3rd period - Shot by Rasmus Dahlin.
8:42 of 3rd period - Shot Misses the Net.
9:45 of 3rd period - Icing by Moritz Seider.
9:46 of 3rd period - Tim Stutzle wins face-off versus Kevin Fiala in BOISE CARIBOUS zone.
9:58 of 3rd period - Nick Schmaltz is hit by Victor Soderstrom and loses puck.
10:07 of 3rd period - Shot by Nick Schmaltz.
10:07 of 3rd period - Shot Hit the Post.
10:33 of 3rd period - Jean-Gabriel Pageau is hit by David Gustafsson and loses puck.
11:16 of 3rd period - Shot by Jeff Skinner.
11:16 of 3rd period - Shot Blocked by Olli Maatta.
11:18 of 3rd period - Shot by Michael Rasmussen.
11:18 of 3rd period - Goal by Michael Rasmussen - ANAHEIM OUTLAWS : 1 - BOISE CARIBOUS : 1.
11:19 of 3rd period - Charlie Coyle wins face-off versus Adrian Kempe in neutral zone.
12:37 of 3rd period - Shot by Kent Johnson.
12:37 of 3rd period - Deflect By Jack Quinn.
12:37 of 3rd period - Stopped by Ilya Sorokin without a rebound.
12:38 of 3rd period - Jean-Gabriel Pageau wins face-off versus Michael Rasmussen in BOISE CARIBOUS zone.
13:09 of 3rd period - Icing by Jean-Gabriel Pageau.
13:10 of 3rd period - Jean-Gabriel Pageau wins face-off versus Pius Suter in BOISE CARIBOUS zone.
13:15 of 3rd period - Shot by Matt Duchene.
13:15 of 3rd period - Shot Misses the Net.
13:32 of 3rd period - Matt Duchene is hit by Henri Jokiharju and loses puck.
14:10 of 3rd period - Shot by Tim Stutzle.
14:10 of 3rd period - Shot Misses the Net.
14:16 of 3rd period - Shot by Tim Stutzle.
14:16 of 3rd period - Shot Blocked by Kent Johnson.
14:18 of 3rd period - Shot by Moritz Seider.
14:18 of 3rd period - Shot Misses the Net.
14:44 of 3rd period - Icing by Kent Johnson.
14:45 of 3rd period - Pius Suter wins face-off versus Lawson Crouse in ANAHEIM OUTLAWS zone.
15:18 of 3rd period - Michael Rasmussen is hit by Gabriel Vilardi and loses puck.
16:07 of 3rd period - Shot by Michael Bunting.
16:07 of 3rd period - Stopped by Ilya Sorokin without a rebound.
16:08 of 3rd period - Vincent Trocheck wins face-off versus Kevin Fiala in BOISE CARIBOUS zone.
16:08 of 3rd period - Vincent Trocheck is hit by Kevin Fiala.
16:21 of 3rd period - Minor Penalty to Oliver Ekman-Larsson for Hooking.
16:22 of 3rd period - Vincent Trocheck wins face-off versus Jeff Skinner in ANAHEIM OUTLAWS zone.
16:32 of 3rd period - Tim Stutzle is hit by Rasmus Ristolainen and loses puck.
16:37 of 3rd period - Shot by Rasmus Dahlin.
16:37 of 3rd period - Stopped by Jacob Markstrom without a rebound.
16:38 of 3rd period - Jean-Gabriel Pageau wins face-off versus Kent Johnson in ANAHEIM OUTLAWS zone.
17:07 of 3rd period - Shot by Jean-Gabriel Pageau.
17:07 of 3rd period - Stopped by Jacob Markstrom without a rebound.
17:08 of 3rd period - Vincent Trocheck wins face-off versus Kent Johnson in ANAHEIM OUTLAWS zone.
17:33 of 3rd period - Shot by Tim Stutzle.
17:33 of 3rd period - Goal by Tim Stutzle - ANAHEIM OUTLAWS : 1 - BOISE CARIBOUS : 2.
17:34 of 3rd period - Charlie Coyle wins face-off versus Adrian Kempe in neutral zone.
17:45 of 3rd period - Shot by Charlie Coyle.
17:45 of 3rd period - Stopped by Jacob Markstrom without a rebound.
17:46 of 3rd period - Michael Rasmussen wins face-off versus Jean-Gabriel Pageau in ANAHEIM OUTLAWS zone.
17:56 of 3rd period - Shot by Matt Duchene.
17:56 of 3rd period - Stopped by Jacob Markstrom without a rebound.
17:57 of 3rd period - Vincent Trocheck wins face-off versus Adrian Kempe in ANAHEIM OUTLAWS zone.
18:00 of 3rd period - Shot by Tim Stutzle.
18:00 of 3rd period - Stopped by Jacob Markstrom without a rebound.
18:01 of 3rd period - Vincent Trocheck wins face-off versus Michael Rasmussen in ANAHEIM OUTLAWS zone.
18:02 of 3rd period - Shot by Tim Stutzle.
18:02 of 3rd period - Stopped by Jacob Markstrom without a rebound.
18:03 of 3rd period - Jean-Gabriel Pageau wins face-off versus Michael Rasmussen in ANAHEIM OUTLAWS zone.
18:08 of 3rd period - Shot by Artturi Lehkonen.
18:08 of 3rd period - Stopped by Jacob Markstrom without a rebound.
18:09 of 3rd period - Vincent Trocheck wins face-off versus Michael Rasmussen in ANAHEIM OUTLAWS zone.
18:36 of 3rd period - Shot by Vincent Trocheck.
18:36 of 3rd period - Stopped by Jacob Markstrom without a rebound.
18:37 of 3rd period - Adrian Kempe wins face-off versus Jean-Gabriel Pageau in ANAHEIM OUTLAWS zone.
18:50 of 3rd period - Shot by Adrian Kempe.
18:50 of 3rd period - Shot Hit the Post.
19:00 of 3rd period - ANAHEIM OUTLAWS, Jacob Markstrom is pulled from the net.
19:18 of 3rd period - Shot by Carter Verhaeghe.
19:18 of 3rd period - Stopped by Ilya Sorokin without a rebound.
19:19 of 3rd period - Michael Rasmussen wins face-off versus Jean-Gabriel Pageau in BOISE CARIBOUS zone.
19:26 of 3rd period - Shot by Jeff Skinner.
19:26 of 3rd period - Shot Misses the Net.
19:28 of 3rd period - Shot by Jeff Skinner.
19:28 of 3rd period - Stopped by Ilya Sorokin without a rebound.
19:29 of 3rd period - Jean-Gabriel Pageau wins face-off versus Michael Rasmussen in BOISE CARIBOUS zone.
19:44 of 3rd period - Icing by Rasmus Andersson.
19:45 of 3rd period - Jeff Skinner wins face-off versus Jean-Gabriel Pageau in BOISE CARIBOUS zone.
19:57 of 3rd period - Icing by Rasmus Dahlin.
19:58 of 3rd period - Jean-Gabriel Pageau wins face-off versus Michael Rasmussen in BOISE CARIBOUS zone.
Goals for this period are 1 for ANAHEIM OUTLAWS vs 1 for BOISE CARIBOUS.
Shots for this period are 7 for ANAHEIM OUTLAWS vs 15 for BOISE CARIBOUS.


BLAKE
WHEELER
STEVEN
STAMKOS
DREW
DOUGHTY

EAST COAST

HOCKEY LEAGUE

  • 63.RHI2PIT5
  • 64.WOR4ATL3
  • 65.QUECHW
  • 66.CHATRV